Map: Blackpink LE

Players

Classic - Winner!

  • Race: Protoss Protoss
  • Spawn Location: 7:00

uThermal

  • Race: Terran Terran
  • Spawn Location: 1:00

Event: WESG 2017 Haikou

VOD

Have the link to the VOD?

Description

Time

  • Played on: March 15, 2018, 2:53 a.m.
  • Length: 9:46

All games in this series

Show
View Real Time Build Order
Export as new Build Order

Classic Protoss - Winner!

Build Orders: 1 Gate Expand, Double Forge, Blink Stalkers 

Get SALT Encoding   

  12  0:00  Probe  
  13  0:12  Probe  
  14  0:18  Pylon  
  14  0:24  Probe (Chrono Boost)  
  15  0:36  Probe (Chrono Boost)  
  15  0:39  Gateway  
  16  0:45  Probe (Chrono Boost)  
  16  0:47  Assimilator  
  17  0:51  Probe  
  18  1:03  Probe  
  19  1:15  Probe  
  20  1:22  Nexus  
  20  1:32  Cybernetics Core  
  20  1:35  Probe  
  21  1:43  Assimilator  
  21  1:47  Probe  
  21  1:51  Pylon  
  22  1:59  Probe  
  23  2:06  Stalker (Chrono Boost)  
  23  2:09  Warp Gate  
  23  2:11  Probe  
  26  2:24  Probe  
  26  2:25  Twilight Council  
  26  2:29  Stalker  
  29  2:35  Probe (Chrono Boost)  
  30  2:38  Probe (Chrono Boost)  
  32  2:46  Probe (Chrono Boost)  
  32  2:47  Probe (Chrono Boost)  
  32  2:50  Probe (Chrono Boost)  
  33  2:52  Probe  
  33  2:56  Blink (Chrono Boost)  
  35  3:01  Probe  
  35  3:05  Stalker, Probe  
  39  3:16  Probe  
  39  3:17  Probe  
  41  3:23  Gateway x2  
  41  3:28  Probe  
  41  3:29  Probe  
  41  3:30  Pylon  
  43  3:38  Assimilator  
  43  3:41  Probe x2  
  45  3:45  Robotics Facility  
  45  3:53  Probe x2  
  47  3:58  Pylon  
  47  4:05  Probe x2  
  49  4:10  Nexus  
  49  4:18  Stalker x2  
  49  4:23  Stalker  
  55  4:27  Pylon  
  55  4:30  Probe x2  
  57  4:33  Observer  
  58  4:42  Probe x2  
  58  4:44  Forge  
  60  4:47  Forge  
  60  4:50  Charge  
  60  4:55  Observer  
  63  5:02  Stalker x3  
  66  5:14  Probe  
  65  5:21  Protoss Ground Weapons Level 1 (Chrono Boost), Protoss Ground Armor Level 1 (Chrono Boost)  
  65  5:26  Probe  
  65  5:29  Probe  
  65  5:33  Pylon  
  66  5:38  Probe  
  66  5:39  Gateway  
  66  5:40  Gateway  
  66  5:41  Probe, Observer  
  69  5:44  Gateway  
  69  5:48  Probe  
  70  5:50  Probe  
  70  5:53  Sentry, Probe, Pylon  
  74  5:57  Gateway  
  74  6:00  Gateway  
  74  6:03  Sentry  
  76  6:05  Probe x3  
  79  6:11  Pylon  
  79  6:12  Warp Prism  
  79  6:17  Probe x2  
  79  6:18  Probe  
  84  6:22  Stalker  
  86  6:29  Probe x2  
  86  6:30  Probe  
  86  6:32  Templar Archives  
  89  6:34  Assimilator  
  89  6:36  Assimilator  
  89  6:38  Pylon  
  89  6:41  Probe  
  89  6:42  Probe x2  
  92  6:57  Zealot, Probe  
  92  6:58  Zealot x6  
  107  7:02  Protoss Ground Weapons Level 2 (Chrono Boost), Pylon x2, Protoss Ground Armor Level 2 (Chrono Boost)  
  107  7:03  Zealot  
  109  7:17  Pylon  
  109  7:18  Assimilator  
  109  7:19  Zealot x3  
  109  7:22  Zealot, Psionic Storm  
  117  7:24  Zealot  
  119  7:33  Probe x3  
  122  7:38  Pylon  
  120  7:49  Warp Prism (Chrono Boost)  
  116  7:51  Stalker  
  116  7:57  Zealot x3  
  116  7:58  High Templar x2  
  124  7:59  High Templar  
  124  8:03  Probe x2  
  124  8:04  Probe  
  124  8:05  High Templar  
  131  8:14  Pylon x2  
  131  8:25  High Templar x2  
  131  8:26  Nexus  
  135  8:28  Zealot x2  
  135  8:31  Zealot x3  
  145  8:35  Pylon  
  145  8:37  Pylon  
  144  8:42  Gateway  
  144  8:46  Gateway  
  142  8:51  Stalker x2, Pylon  
  142  8:52  Stalker, Zealot, High Templar x2  
  154  9:13  Zealot x3  
  126  9:32  Archon  
Show
View Real Time Build Order
Export as new Build Order

uThermal Terran 

Build Orders: Gas First Reaper Expand, Reaper Expand, MMM Bio, Cyclone Timing 

Get SALT Encoding   

  12  0:01  SCV  
  13  0:13  SCV  
  14  0:17  Supply Depot  
  14  0:25  SCV  
  14  0:27  Refinery  
  15  0:38  SCV  
  16  0:44  Barracks  
  16  0:50  SCV  
  17  1:03  SCV  
  18  1:15  SCV  
  19  1:31  Orbital Command, Reaper  
  20  1:47  Command Center  
  20  1:55  Factory  
  20  1:57  SCV  
  21  2:06  Barracks Reactor  
  21  2:09  SCV  
  21  2:14  Supply Depot  
  22  2:16  Refinery  
  22  2:21  SCV  
  23  2:35  SCV  
  24  2:42  Marine x2  
  24  2:43  Starport  
  26  2:48  SCV, Widow Mine  
  29  2:58  Orbital Command  
  29  3:00  SCV  
  29  3:01  Marine x2  
  32  3:09  Cyclone  
  34  3:19  Marine x2  
  35  3:22  SCV  
  35  3:24  SCV  
  35  3:25  Medivac  
  39  3:28  Supply Depot  
  39  3:34  SCV  
  39  3:36  SCV  
  39  3:37  Marine x2  
  43  3:42  Cyclone  
  46  3:53  SCV  
  46  3:54  SCV  
  46  3:55  Marine x2  
  49  3:57  Supply Depot  
  49  4:00  Viking  
  51  4:05  Supply Depot  
  51  4:06  SCV  
  52  4:16  Supply Depot  
  52  4:17  Marine  
  52  4:18  Marine  
  52  4:19  Cyclone  
  52  4:20  SCV x2  
  59  4:33  Viking  
  59  4:35  SCV x2  
  63  4:46  Barracks Tech Lab, Barracks  
  63  4:47  SCV  
  63  4:48  Barracks  
  63  4:50  SCV  
  63  4:51  Engineering Bay  
  65  4:53  Factory Reactor  
  65  4:59  SCV  
  66  5:02  SCV  
  67  5:11  SCV  
  67  5:13  Marine  
  67  5:14  SCV, Stimpack  
  64  5:19  Starport Reactor  
  60  5:22  Bunker  
  60  5:23  SCV  
  60  5:24  Refinery  
  60  5:25  Refinery  
  60  5:26  SCV  
  57  5:31  Marine  
  58  5:36  SCV, Command Center  
  58  5:39  Marine x2  
  58  5:41  SCV, Factory Tech Lab  
  62  5:44  Marine x2  
  62  5:48  SCV  
  62  5:49  Marine, Supply Depot  
  66  5:53  SCV  
  67  5:57  Marine x2, Medivac x2  
  67  6:02  Siege Tank, Marine x2  
  78  6:05  Supply Depot  
  78  6:10  Marine  
  79  6:12  Supply Depot  
  79  6:16  Marine  
  80  6:18  Barracks  
  80  6:19  Marine x2  
  80  6:20  Barracks  
  80  6:24  Marine  
  83  6:28  Marine, Medivac  
  88  6:34  Siege Tank, Terran Infantry Weapons Level 1, Marine  
  88  6:35  SCV  
  88  6:37  Marine x2  
  93  6:40  Supply Depot  
  93  6:41  Marine  
  93  6:46  Marine  
  95  6:52  Marine  
  95  6:54  SCV, Orbital Command  
  94  6:55  Marine x2  
  94  6:59  Marine  
  98  7:04  Marine  
  98  7:07  Factory Tech Lab  
  99  7:09  Medivac, Factory  
  99  7:10  Marine  
  99  7:12  Marine  
  99  7:13  SCV x2, Marine  
  99  7:14  Combat Shields  
  106  7:17  Orbital Command  
  106  7:20  Marine  
  109  7:25  SCV  
  108  7:30  Barracks Reactor x2  
  108  7:31  Siege Tank  
  108  7:35  Marine x2  
  108  7:36  Marine x2  
  113  7:37  SCV  
  113  7:38  Supply Depot x2  
  112  7:45  Marine  
  112  7:50  SCV  
  112  7:51  SCV  
  112  7:52  Marine x2  
  112  7:53  Factory Tech Lab  
  112  7:54  Marine x2  
  112  7:55  Medivac  
  118  8:02  SCV  
  118  8:03  Marine  
  118  8:04  SCV  
  118  8:07  Marine x3  
  118  8:08  Medivac  
  118  8:10  Marine x3  
  118  8:12  Marine x2  
  128  8:14  SCV  
  128  8:16  SCV  
  128  8:18  Supply Depot x2  
  130  8:20  Siege Tank  
  130  8:21  Marine  
  130  8:24  Siege Tank  
  130  8:25  Marine x2  
  139  8:27  Marine  
  139  8:28  Marine  
  141  8:34  Liberator  
  141  8:39  Marine x5  
  146  8:43  Marine x2  
  146  8:48  Marine x2  
  150  8:52  Siege Tank  
  156  8:57  Marine x4  
  156  8:58  Marine  
  156  9:00  Marine x2  
  146  9:03  Siege Tank, Supply Depot  
  146  9:04  Supply Depot  
  146  9:05  Marine  
  146  9:06  Marine  
  147  9:15  Marine x5  
  151  9:18  Marine x2  
Tags
 
Add a new tag
Caveats
  • Supply blocks, unpowered buildings, or Contaminate may cause inaccurate times.
  • Supply counts are checked every 10 seconds.